 Dungeon Crawl Stone Soup version 0.28-a0-649-g2b6bb2fd11 (webtiles) character file.

Game seed: 9679661476813062964

6147 Gargoyl the Fighter (level 10, 0/82 HPs)
             Began as a Gnoll Abyssal Knight on Oct 11, 2021.
             Was a High Priest of Lugonu.
             Slain by a troll (9 damage)
             ... on level 9 of the Dungeon.
             The game lasted 00:10:49 (12026 turns).

Gargoyl the Fighter (Gnoll Abyssal Knight)         Turns: 12026, Time: 00:10:50

Health: 0/82       AC: 18    Str: 17    XL:     10   Next: 90%
Magic:  18/18      EV:  6    Int:  9    God:    Lugonu [*****.]
Gold:   114        SH: 10    Dex: 15    Spells: 20/20 levels left

rFire   . . .      SeeInvis .   f - +6 flail (drain)
rCold   + . .      Faith    .   v - +0 kite shield
rNeg    . . .      Spirit   .   b - +0 plate armour
rPois   .          Reflect  .   c - +2 helmet
rElec   .          Harm     .   o - scarf {repulsion}
rCorr   .          Rampage  .   u - +0 pair of gloves {Dex+3}
Will    .....                   (no boots)
Stlth   ..........              (no amulet)
HPRegen 0.23/turn               j - ring of protection from cold
MPRegen 0.16/turn               g - ring of flight

@: flying, repel missiles
A: fangs 1, strong nose, distributed training
a: Renounce Religion, Depart the Abyss, Bend Space, Banish, Corrupt, Enter the
Abyss


You were on level 9 of the Dungeon.
You worshipped Lugonu.
Lugonu was extremely pleased with you.
You visited 1 branch of the dungeon, and saw 9 of its levels.
You visited the Abyss 1 time.

You collected 406 gold pieces.
You spent 292 gold pieces at shops.

Inventory:

Hand Weapons
 f - a +6 flail of draining (weapon)
 t - a +1 war axe of electrocution
 y - a +2 hand axe of flaming
Missiles
 i - 6 javelins (quivered)
 m - 2 throwing nets
Armour
 b - a +0 plate armour (worn)
 c - a +2 helmet (worn)
 o - a scarf of repulsion (worn)
 u - a +0 pair of gloves of dexterity (worn)
 v - a +0 kite shield (worn)
Jewellery
 g - a ring of flight (right hand)
 j - a ring of protection from cold (left hand)
 x - a +4 ring of protection
Wands
 a - a wand of mindburst (14)
 q - a wand of acid (10)
 r - a wand of paralysis (6)
Scrolls
 d - 4 scrolls of identify
 e - 9 scrolls of teleportation
 p - a scroll of blinking {unknown}
Potions
 h - 6 potions of curing
 k - 4 potions of flight
 l - a potion of lignification
 n - a potion of magic
 w - a potion of haste


   Skills:
 + Level 8.8 Fighting
 + Level 5.7 Short Blades
 + Level 5.7 Long Blades
 + Level 7.4 Axes
 + Level 5.7 Maces & Flails
 + Level 5.7 Polearms
 + Level 5.7 Staves
 + Level 5.7 Slings
 + Level 5.7 Bows
 + Level 5.7 Crossbows
 + Level 5.7 Throwing
 + Level 7.4 Armour
 + Level 6.3 Dodging
 + Level 5.7 Stealth
 + Level 5.7 Shields
 + Level 5.7 Unarmed Combat
 + Level 5.7 Spellcasting
 + Level 4.7 Conjurations
 + Level 4.7 Hexes
 + Level 4.7 Summonings
 + Level 4.7 Necromancy
 + Level 4.7 Translocations
 + Level 4.7 Transmutations
 + Level 4.7 Fire Magic
 + Level 4.7 Ice Magic
 + Level 4.7 Air Magic
 + Level 4.7 Earth Magic
 + Level 4.7 Poison Magic
 + Level 7.8 Invocations
 + Level 5.7 Evocations


You had 20 spell levels left.
You didn't know any spells.
Your spell library contained the following spells:

 Spells                   Type           Power      Damage    Failure   Level
 Foxfire                  Conj/Fire      44%        2x1d6     98%         1
 Slow                     Hex            11%        N/A       99%         2
 Sublimation of Blood     Necr           5%         N/A       99%         2
 Confusing Touch          Hex            11%        N/A       100%        3
 Conjure Flame            Conj/Fire      11%        6-21      100%        3
 Dazzling Flash           Conj/Hex       22%        N/A       100%        3
 Inner Flame              Hex/Fire       11%        N/A       100%        3
 Vampiric Draining        Necr           5%         2d6       100%        3
 Flame Wave               Conj/Fire      11%        3d4       100%        4
 Iskenderun's Mystic Bla  Conj/Tloc      11%        2d4       100%        4
 Petrify                  Tmut/Erth      11%        N/A       100%        4
 Irradiate                Conj/Tmut      5%         3d15      100%        5
 Starburst                Conj/Fire      5%         6d4       100%        6


Dungeon Overview and Level Annotations

Branches:
Dungeon (9/15)             Temple (0/1) D:4
   Lair: D:8-11         Orc: D:9-12

Altars:
Cheibriados
Dithmenos
Elyvilon
Fedhas
Gozag
Kikubaaqudgha
Makhleb
Nemelex Xobeh
Qazlal
Trog
Uskayaw
Yredelemnul
Zin

Shops:
D:8 *[:


Innate Abilities, Weirdness & Mutations

You have very sharp teeth.
Your uncanny sense of smell can sniff out nearby items.
Your experience applies equally to all skills.


Message History

The troll is lightly wounded.
You block the troll's attack. The troll claws you but does no damage.
You block the troll's attack.
Your shield and plate armour prevent you from hitting the troll.
The troll is lightly wounded.
The troll barely misses you. The troll claws you but does no damage.
The troll claws you! You block the troll's attack. The troll claws you!
You block the troll's attack.
You hit the troll but do no damage.
The troll is lightly wounded.
The troll bites you!
* * * LOW HITPOINT WARNING * * *
You block the troll's attack. The troll claws you but does no damage.
You thump the troll!
The troll is moderately wounded.
The troll barely misses you. You block the troll's attack.
The troll claws you but does no damage.
You hit the troll.
The troll is heavily wounded.
You block the troll's attack. x2; The troll claws you.
* * * LOW HITPOINT WARNING * * *
You barely miss the troll. You bite the troll.
The troll is heavily wounded.
The troll bites you but does no damage.
The troll claws you but does no damage. x2
The troll bites you but does no damage. The troll completely misses you.
The troll claws you but does no damage.
You hit the troll. You bite the troll.
The troll is heavily wounded.
You block the troll's attack. The troll claws you but does no damage.
The troll claws you.
* * * LOW HITPOINT WARNING * * *
You hit the troll.
The troll is severely wounded.
The troll bites you!
* * * LOW HITPOINT WARNING * * *
The troll claws you but does no damage. x2
Press: ? - help, Shift-Dir - straight line, f - troll
Aim: a troll (heavily wounded, chance to affect: 85%)
You fail to use your ability.
The troll bites you!
You die...

...#.. #........#.#.#.....
##.#. .............#.#.....
##.#..#..#.................
∆
.........###....^........#
##.#..#..###.####.#...##.#
# # #..............# #
..........#...# ##.
##.##......#...# ....
.....$..T@.....# ##.#
#.#.#..###.#...# .. ..?..
.......# .. .
#.#....##........ .# ......
........... # ∆
...............##.#
)###.......##..# .#
#.......# ..# #


You could see a troll.

Vanquished Creatures
  Maggie (D:6)
  Grinder (D:4)
  Sigmund (D:2)
  6 yaks
  Edmund (D:4)
  A water moccasin (D:9)
  A sky beast (D:6)
  2 hornet zombies (D:6)
  An orc warrior (D:8)
  An ice beast (D:4)
  3 black bears
  2 necrophages
  An ogre (D:5)
  4 centaurs
  2 phantoms (D:6)
  3 kobold brigands
  5 bullfrogs
  A wyvern zombie (D:6)
  2 scorpions
  A water moccasin skeleton (D:5)
  11 wights
  6 killer bees (D:9)
  4 howler monkeys
  7 centaur zombies
  A human zombie (D:6)
  3 orc priests
  2 bullfrog zombies
  3 jellies
  3 centaur skeletons
  3 hounds
  Crazy Yiuf (D:3)
  A gnoll shaman (D:6)
  A bullfrog skeleton (D:6)
  4 iguanas
  4 orc wizards
  A killer bee zombie (D:7)
  A hound skeleton (D:4)
  3 howler monkey zombies
  A howler monkey skeleton (D:6)
  23 gnolls
  2 river rats (D:4)
  5 adders
  A white imp (D:8)
  2 ufetubi (D:6)
  2 worms (D:2)
  A dart slug (D:3)
  12 orcs
  An endoplasm (D:1)
  3 giant cockroaches
  5 hobgoblins
  4 jackals
  A quokka (D:2)
  3 ball pythons
  6 bats
  3 frilled lizards
  4 goblins
  13 kobolds
  9 rats
  A spectral orc (D:5)
201 creatures vanquished.

Notes
Turn   | Place    | Note
-------+----------+-------------------------------------------
     0 | Abyss:1  | Gargoyl the Gnoll Abyssal Knight began the quest for the
                  | Orb.
     0 | Abyss:1  | Reached XP level 1. HP: 23/23 MP: 3/3
    53 | D:1      | Escaped the Abyss
   385 | D:1      | Found a faded altar of an unknown god.
   492 | D:1      | Reached XP level 2. HP: 27/29 MP: 5/5
   955 | D:1      | Reached XP level 3. HP: 25/35 MP: 6/6
   955 | D:1      | Reached * piety under Lugonu
  1297 | D:2      | Reached skill level 1 in Short Blades
  1297 | D:2      | Reached skill level 1 in Long Blades
  1297 | D:2      | Reached skill level 1 in Maces & Flails
  1297 | D:2      | Reached skill level 1 in Polearms
  1297 | D:2      | Reached skill level 1 in Staves
  1297 | D:2      | Reached skill level 1 in Slings
  1297 | D:2      | Reached skill level 1 in Bows
  1297 | D:2      | Reached skill level 1 in Crossbows
  1297 | D:2      | Reached skill level 1 in Throwing
  1297 | D:2      | Reached skill level 1 in Stealth
  1297 | D:2      | Reached skill level 1 in Shields
  1297 | D:2      | Reached skill level 1 in Unarmed Combat
  1297 | D:2      | Reached skill level 1 in Spellcasting
  1297 | D:2      | Reached skill level 1 in Evocations
  1297 | D:2      | Reached XP level 4. HP: 31/41 MP: 7/7
  2032 | D:2      | Noticed Sigmund
  2106 | D:2      | Reached skill level 1 in Conjurations
  2106 | D:2      | Reached skill level 1 in Hexes
  2106 | D:2      | Reached skill level 1 in Summonings
  2106 | D:2      | Reached skill level 1 in Necromancy
  2106 | D:2      | Reached skill level 1 in Translocations
  2106 | D:2      | Reached skill level 1 in Transmutations
  2106 | D:2      | Reached skill level 1 in Fire Magic
  2106 | D:2      | Reached skill level 1 in Ice Magic
  2106 | D:2      | Reached skill level 1 in Air Magic
  2106 | D:2      | Reached skill level 1 in Earth Magic
  2106 | D:2      | Reached skill level 1 in Poison Magic
  2174 | D:3      | Reached XP level 5. HP: 25/47 MP: 8/8
  2927 | D:3      | Reached ** piety under Lugonu
  3071 | D:3      | Found a runed translucent door.
  3072 | D:3      | Noticed Crazy Yiuf
  3341 | D:3      | Killed Crazy Yiuf
  3342 | D:3      | Reached skill level 5 in Invocations
  3342 | D:3      | Reached XP level 6. HP: 38/53 MP: 9/9
  3446 | D:2      | Killed Sigmund
  3447 | D:2      | Reached skill level 5 in Axes
  3447 | D:2      | Reached skill level 5 in Armour
  3772 | D:3      | Reached XP level 7. HP: 59/59 MP: 10/10
  3794 | D:4      | Reached skill level 7 in Fighting
  4349 | D:4      | Found a faded altar of an unknown god.
  4349 | D:4      | Found a shadowy altar of Dithmenos.
  4349 | D:4      | Noticed Edmund
  4364 | D:4      | Killed Edmund
  4365 | D:4      | Reached XP level 8. HP: 31/60 MP: 12/12
  4524 | D:4      | Found a faded altar of an unknown god.
  4526 | D:4      | Found a burning altar of Makhleb.
  4528 | D:4      | Found a sparkling altar of Nemelex Xobeh.
  4796 | D:4      | Found a staircase to the Ecumenical Temple.
  4913 | D:5      | Entered Level 5 of the Dungeon
  5317 | D:5      | Noticed Grinder
  5434 | D:4      | Killed Grinder
  5919 | D:5      | Reached XP level 9. HP: 67/72 MP: 14/14
  6078 | D:5      | Reached *** piety under Lugonu
  6168 | D:5      | Found a basalt altar of Yredelemnul.
  6453 | D:6      | Found a bloodstained altar of Trog.
  6488 | D:6      | Reached skill level 5 in Dodging
  6695 | D:6      | Noticed Maggie
  6710 | D:6      | Killed Maggie
  6711 | D:6      | Reached skill level 8 in Fighting
  7640 | D:6      | Found an ancient bone altar of Kikubaaqudgha.
  7686 | D:6      | Reached **** piety under Lugonu
  7687 | D:6      | Reached XP level 10. HP: 48/79 MP: 17/17
  8195 | D:6      | Found a white marble altar of Elyvilon.
  8512 | D:7      | Found an opulent altar of Gozag.
  8516 | D:7      | Found a stormy altar of Qazlal.
  8657 | D:7      | Reached skill level 5 in Short Blades
  8657 | D:7      | Reached skill level 5 in Long Blades
  8657 | D:7      | Reached skill level 5 in Maces & Flails
  8657 | D:7      | Reached skill level 5 in Polearms
  8657 | D:7      | Reached skill level 5 in Staves
  8657 | D:7      | Reached skill level 5 in Slings
  8657 | D:7      | Reached skill level 5 in Bows
  8657 | D:7      | Reached skill level 5 in Crossbows
  8657 | D:7      | Reached skill level 5 in Throwing
  8657 | D:7      | Reached skill level 5 in Stealth
  8657 | D:7      | Reached skill level 5 in Shields
  8657 | D:7      | Reached skill level 5 in Unarmed Combat
  8657 | D:7      | Reached skill level 5 in Spellcasting
  8657 | D:7      | Reached skill level 5 in Evocations
  9136 | D:8      | Found Xateju Weic's Assorted Antiques.
  9138 | D:8      | Found Teru's Armour Shop.
  9147 | D:8      | Bought a +0 pair of gloves of dexterity for 172 gold pieces
  9171 | D:8      | Bought a glass ring for 120 gold pieces
  9180 | D:8      | Found a glowing silver altar of Zin.
  9228 | D:8      | Found a snail-covered altar of Cheibriados.
  9601 | D:8      | Found a blossoming altar of Fedhas.
 10524 | D:8      | Found Cyhada's Book Emporium.
 11053 | D:8      | Found a hide-covered altar of Uskayaw.
 11876 | D:9      | Found a bloodstained altar of Trog.
 11899 | D:9      | Reached ***** piety under Lugonu
 12026 | D:9      | Slain by a troll

Illustrated notes

Levels and vault maps discovered:
D:1:      tarquinn_simple_flora_water_e, layout_basic,
          shapermc_ecumenical_altar_venn, glass_columns_a
D:2:      layout_loops_ring, uniq_sigmund
D:3:      layout_basic, uniq_crazy_yiuf_cottage
D:4:      layout_cave_pods, chequers_temple_overflow_minitemple,
          minmay_temple_entry_poolview, portal_sewer_entry_b, minmay_bisected,
          uniq_edmund
D:5:      layout_loops_cross, yredelemnul_forgotten_temple_becter,
          chequers_serial_rivers_room_b, uniq_grinder
D:6:      layout_loops_corners, lemuel_mausoleum_altar_kikubaaqudgha,
          kennysheep_mini, minmay_ruined_shrine, uniq_maggie
D:7:      layout_loops_ring, grunt_temple_overflow_open
D:8:      layout_basic, lemuel_round_altar, fedhas_bush_and_centaur_altar,
          mainiacjoe_overflow_catch_the_wave, serial_shops, nicolae_shop_stone,
          nicolae_square_shop, nicolae_shop_statue_plus
D:9:      layout_basic, trog_three_pillars_becter, minivault_20,
          chequers_serial_rivers_room_b

Skill      XL: |  1  2  3  4  5  6  7  8  9 10 |
---------------+-------------------------------+-----
Short Blades   | 1 2 3 4 5 |  5.7
Long Blades    | 1 2 3 4 5 |  5.7
Maces & Flails | 1 2 3 4 5 |  5.7
Polearms       | 1 2 3 4 5 |  5.7
Staves         | 1 2 3 4 5 |  5.7
Slings         | 1 2 3 4 5 |  5.7
Bows           | 1 2 3 4 5 |  5.7
Crossbows      | 1 2 3 4 5 |  5.7
Throwing       | 1 2 3 4 5 |  5.7
Stealth        | 1 2 3 4 5 |  5.7
Shields        | 1 2 3 4 5 |  5.7
Unarmed Combat | 1 2 3 4 5 |  5.7
Spellcasting   | 1 2 3 4 5 |  5.7
Evocations     | 1 2 3 4 5 |  5.7
Conjurations   | 1 2 3 4 |  4.7
Hexes          | 1 2 3 4 |  4.7
Summonings     | 1 2 3 4 |  4.7
Necromancy     | 1 2 3 4 |  4.7
Translocations | 1 2 3 4 |  4.7
Transmutations | 1 2 3 4 |  4.7
Fire Magic     | 1 2 3 4 |  4.7
Ice Magic      | 1 2 3 4 |  4.7
Air Magic      | 1 2 3 4 |  4.7
Earth Magic    | 1 2 3 4 |  4.7
Poison Magic   | 1 2 3 4 |  4.7
Dodging        | 3 4 5 6 |  6.3
Invocations    | 5 6 7 |  7.8
Axes           | 5 6 7 |  7.4
Armour         | 5 6 7 |  7.4
Fighting       | 7 8 |  8.8

Action                   |  1- 3 |  4- 6 |  7- 9 | 10-12 || total
-------------------------+-------+-------+-------+-------++-------
Melee: Hand axe          |    55 |   116 |       |       ||   171
       Bite              |     5 |    14 |    28 |    39 ||    86
       Punch             |       |     1 |     2 |       ||     3
       Quarterstaff      |       |    10 |    62 |       ||    72
       Flail             |       |       |   277 |   271 ||   548
Throw: Javelin           |       |       |       |     6 ||     6
Invok: Depart the Abyss  |     1 |       |       |       ||     1
       Bend Space        |       |       |     1 |       ||     1
  Use: Potion            |     1 |       |     1 |       ||     2
       Scroll            |       |     7 |     3 |     3 ||    13
Armor: Leather armour    |    16 |       |       |       ||    16
       Scale mail        |    23 |    18 |       |       ||    41
       Plate armour      |       |    78 |   385 |   185 ||   648
Dodge: Dodged            |    51 |    34 |   135 |    89 ||   309
Block: Buckler           |       |       |    48 |    19 ||    67
       Kite shield       |       |       |       |   104 ||   104

Table legend: (Time is in decaauts)
 A = Elapsed time spent in this place.
 B = Non-inter-level travel time spent in this place.
 C = Inter-level travel time spent in this place.
 D = Time resting spent in this place.
 E = Time spent auto-exploring this place.
 F = Levels seen in this place.
 G = Mean time per level.
                   A        B        C        D        E       F      G
               +--------+--------+--------+--------+--------+-----+--------+
         Total |  12164 |  11907 |    257 |   1724 |   7971 |  10 | 1216.4 |
       Dungeon |  12109 |  11852 |    257 |   1724 |   7945 |   9 | 1345.4 |
         Abyss |     54 |     54 |      0 |      0 |     26 |   1 |   54.0 |
               +--------+--------+--------+--------+--------+-----+--------+

Top non-repeatable levels by time:
     D:8: 2017 daAuts
     D:6: 1991 daAuts
     D:4: 1382 daAuts
     D:3: 1366 daAuts
     D:2: 1221 daAuts
     D:1: 1137 daAuts
     D:5: 1129 daAuts
     D:9: 982 daAuts
     D:7: 882 daAuts
 Abyss:1: 54 daAuts
